 Dungeon Crawl Stone Soup version 0.22-a0-810-g93d1441 (webtiles) character file.

630 zishaf the Changer (level 7, -2/37 HPs)
             Began as a Vine Stalker Transmuter on July 23, 2018.
             Slain by a phantom (5 damage)
             ... on level 5 of the Dungeon.
             The game lasted 00:09:29 (3934 turns).

zishaf the Changer (Vine Stalker Transmuter)        Turns: 3934, Time: 00:09:30

Health: -2/37      AC:  3    Str: 14    XL:     7   Next: 48%
Magic:  0/11       EV: 14    Int: 13    God:
Gold:   140        SH:  0    Dex: 15    Spells: 2/10 levels left

rFire    . . .     SeeInvis .     - Unarmed
rCold    . . .     Gourm    .   (no shield)
rNeg     + . .     Faith    .   b - +0 robe
rPois    .         Spirit   +   (no helmet)
rElec    .         Reflect  .   (no cloak)
rCorr    .         Harm     .   (no gloves)
MR       .....                  n - +0 pair of boots
Stlth    +.........             (no amulet)
HPRegen  0.52/turn              c - ring of positive energy
MPRegen  0.12/turn              (no ring)

@: no status effects
A: fangs 2, regeneration 1, magic shield, antimagic bite, no potion heal 3, rot
immunity
a: no special abilities


You were on level 5 of the Dungeon.
You were hungry.

You visited 1 branch of the dungeon, and saw 5 of its levels.

You collected 140 gold pieces.

Inventory:

Missiles
 a - 2 arrows
 l - 6 tomahawks of returning (quivered)
Armour
 b - a +0 robe (worn)
 n - a +0 pair of boots (worn)
Jewellery
 c - a ring of positive energy (left hand)
Scrolls
 e - 3 scrolls of remove curse {unknown}
 f - a scroll of identify {unknown}
 i - 2 scrolls of teleportation {unknown}
 j - 2 scrolls of fog {unknown}
 o - a scroll of enchant armour {unknown}
 p - 2 scrolls of enchant weapon {unknown}
Potions
 g - 3 potions of heal wounds
 h - 5 potions of curing
 m - 3 potions of flight {unknown}
 q - 2 potions of agility {unknown}
 r - a potion of lignification {unknown}
 s - 2 potions of cancellation {unknown}
Comestibles
 d - 6 rations


   Skills:
 + Level 4.1 Fighting
 + Level 4.0 Dodging
 - Level 3.0 Unarmed Combat
 - Level 2.1 Spellcasting
 + Level 4.9 Transmutations


You had 2 spell levels left.
You knew the following spells:

 Your Spells              Type           Power        Failure   Level  Hunger
a - Beastly Appendage     Tmut           ##....       3%          1    ##.....
b - Sticks to Snakes      Tmut           ##......     4%          2    ###....
c - Blade Hands           Tmut           ##........   67%         5    ######.

Your spell library contained the following spells:

 Spells                   Type           Power        Failure   Level  Hunger
 Spider Form              Tmut/Pois      #.........   26%         3    ####...
 Ice Form                 Ice/Tmut       #.......     65%         4    #####..


Dungeon Overview and Level Annotations

Branches:
Dungeon (5/15)
 Temple: D:4-7

Altars:
Yredelemnul


Innate Abilities, Weirdness & Mutations

You have extremely sharp teeth.
Your natural rate of healing is unusually fast.
When hurt, damage is shared between your health and your magic reserves.
Your bite disrupts and absorbs the magic of your enemies.
Potions cannot restore your health.
You are immune to rotting.


Message History

The phantom hits you. The iguana completely misses you.
You barely miss the iguana.
The iguana is severely wounded.
The phantom hits you.
* * * LOW HITPOINT WARNING * * *
The iguana bites you.
* * * LOW HITPOINT WARNING * * *
All of the chunks of flesh in your inventory have rotted away.
You barely miss the iguana.
The iguana is severely wounded.
The phantom barely misses you. The iguana bites you!
* * * LOW HITPOINT WARNING * * *
You have no ailments to cure.
You hit the iguana.
The iguana is severely wounded.
The phantom barely misses you. The iguana barely misses you.
You hit the iguana but do no damage.
The iguana is severely wounded.
The phantom hits you!
You die...

..
#.#
#.#
#)#
#.#
#.#
#.##
#..#
##l#
#@#
#W#
#.#
#.#
#.#
#.#
...
...


You could see a phantom and an iguana.

Vanquished Creatures
  An ogre (D:5)
  A big kobold (D:4)
  A scorpion (D:2)
  A howler monkey (D:4)
  A bullfrog skeleton (D:5)
  2 worker ants
  A hound zombie (D:4)
  A hound skeleton (D:4)
  14 adders
  An ooze (D:1)
  An adder skeleton (D:5)
  A worm (D:3)
  2 dart slugs (D:1)
  2 leopard geckos
  5 ball pythons
  5 giant cockroaches
  7 goblins
  6 hobgoblins
  7 jackals
  5 bats
  4 frilled lizards
  A jackal skeleton (D:4)
  9 kobolds
  10 rats
89 creatures vanquished.

Vanquished Creatures (collateral kills)
  An ogre (D:4)
  A scorpion (D:2)
  A goblin (D:2)
3 creatures vanquished.

Grand Total: 92 creatures vanquished

Notes
Turn   | Place    | Note
-------+----------+-------------------------------------------
     0 | D:1      | zishaf the Vine Stalker Transmuter began the quest for the Orb.
     0 | D:1      | Reached XP level 1. HP: 9/9 MP: 4/4
    12 | D:1      | Reached skill level 1 in Fighting
   211 | D:1      | Reached XP level 2. HP: 14/14 MP: 4/6
   221 | D:1      | Learned a level 2 spell: Sticks to Snakes
   807 | D:1      | Reached XP level 3. HP: 18/18 MP: 7/7
  1454 | D:2      | Noticed a scorpion
  1549 | D:2      | Gained mutation: Your natural rate of healing is unusually fast. [Vine Stalker growth]
  1549 | D:2      | Reached XP level 4. HP: 20/23 MP: 5/8
  2010 | D:2      | Reached XP level 5. HP: 18/27 MP: 0/9
  2563 | D:3      | Found a basalt altar of Yredelemnul.
  2786 | D:3      | Learned a level 5 spell: Blade Hands
  2834 | D:4      | Noticed a big kobold
  2960 | D:4      | Reached XP level 6. HP: 26/32 MP: 7/10
  3320 | D:4      | Reached XP level 7. HP: 18/37 MP: 8/11
  3868 | D:5      | Entered Level 5 of the Dungeon
  3934 | D:5      | Slain by a phantom

Vault maps used:
D:1:      tarquinn_simple_flora_water_b
D:2:      first_ration
D:3:      yredelemnul_altar_generic
D:4:      minmay_snake_closets
D:5:      fountainhead

Skill      XL: |  1  2  3  4  5  6  7 |
---------------+----------------------+-----
Fighting       | 1 2 3 4 |  4.1
Dodging        | 2 3 4 |  4.0
Transmutations | 3 4 |  4.9
Unarmed Combat | |  3.0
Spellcasting   | |  2.1

Action                   |  1- 3 |  4- 6 |  7- 9 || total
-------------------------+-------+-------+-------++-------
Melee: Unarmed           |    98 |   220 |    86 ||   404
       Bite              |    17 |    57 |    19 ||    93
       Punch             |     2 |     4 |     1 ||     7
       Kick              |     1 |       |       ||     1
       Headbutt          |     2 |       |       ||     2
Throw: Tomahawk          |     4 |     8 |       ||    12
 Cast: Beastly Appendage |     2 |       |       ||     2
       Sticks to Snakes  |     2 |    15 |     5 ||    22
 Stab: Distracted        |       |     1 |       ||     1
       Sleeping          |       |       |     4 ||     4
  Eat: Chunk             |     1 |     8 |     2 ||    11
Armor: Robe              |    15 |    37 |     8 ||    60
Dodge: Dodged            |    60 |   141 |    65 ||   266

Table legend:
 A = Spawn XP
 B = Non-spawn XP
 C = Spawn XP percentage of total XP
 D = Spawn monster count
 E = Non-spawn monster count
 F = Spawn count percentage of total count
 G = Total turns spent on level
                    A         B        C        D         E        F      G
               +---------+---------+-------+---------+---------+-------+---------
         Total |       0 |     901 |   0.0 |       0 |      92 |   0.0 |  3934
               +---------+---------+-------+---------+---------+-------+---------
           D:1 |       0 |      67 |   0.0 |       0 |      23 |   0.0 |  1551
           D:2 |       0 |     170 |   0.0 |       0 |      27 |   0.0 |   762
           D:3 |       0 |      71 |   0.0 |       0 |      15 |   0.0 |   571
           D:4 |       0 |     422 |   0.0 |       0 |      23 |   0.0 |   984
           D:5 |       0 |     171 |   0.0 |       0 |       4 |   0.0 |    66
               +---------+---------+-------+---------+---------+-------+---------
